Avalanches vs Predateurs

Created - 16 janvier 2022 at 17:00

Goals
1 2 3 T
Avalanches 1 0 2 3
Predateurs 2 2 0 4
Shots
1 2 3 T
Avalanches 7 9 8 24
Predateurs 11 19 4 34

GoalsPenalties
1st period
1. Predateurs , Sebastian Aho 19 (Filip Forsberg 23, Esa Lindell 9) at 7:10
2. Avalanches , Mark Jankowski 4 (Erik Gustafsson 8, Alex Galchenyuk 3) at 14:28
3. Predateurs , Filip Forsberg 20 (Esa Lindell 10) at 17:15 (PP)
Robert Hagg (COL) for Hooking (Minor) at 16:39
Brady Skjei (NAS) for Fighting (Major) at 17:34
Nick Foligno (COL) for Fighting (Major) at 17:34
Nick Foligno (COL) for instigated a fight (Game Misconduct) at 17:34
2nd period
4. Predateurs , Nathan Beaulieu 7 (Sebastian Aho 33, Esa Lindell 11) at 16:32
5. Predateurs , Noel Acciari 7 (Frederick Gaudreau 8, Mirco Mueller 4) at 19:49
Marc-Edouard Vlasic (NAS) for Interference (Minor) at 9:45
Brady Skjei (NAS) for Fighting (Major) at 15:08
Robert Hagg (COL) for Fighting (Major) at 15:08
John Moore (COL) for Roughing (Minor) at 17:10
3rd period
6. Avalanches , Carl Soderberg 17 (Alexander Barabanov 2, Ryan Donato 5) at 8:02
7. Avalanches , Alexander Barabanov 1 (Jeff Petry 26, Alex Goligoski 30) at 19:57
No Penalty
Goalie Stats
Robin Lehner (COL), 30 saves from 34 shots - (0,882), L, 16-12-4, 60:00 minutes
Pekka Rinne (NAS), 21 saves from 24 shots - (0,875), W, 15-12-1, 60:00 minutes
3 StarsOfficial
1 - Esa Lindell (NAS)
2 - Filip Forsberg (NAS)
3 - Alexander Barabanov (COL)
Referees : Kevin Pollock and Brad Watson
Linesman : Ryan Gibbons and Brad Lazarowich
Game Note
Brady Skjei and Nick Foligno fight to a draw at 17:34 of 1st period
Nick Foligno (COL) for instigated a fight (Game Misconduct) at 17:34
Nick Foligno ejected from game at 17:34 of 1st period
Brady Skjei and Robert Hagg fight to a draw at 15:08 of 2nd period
Erik Gustafsson is injured at 18:53 of 2nd period (Sprained Right Knee)



Team Name Goals Shots Shots Attemp Shots Blocked PIM HIT PP PK FO%
Avalanches 324441026210 / 1 (0%)149%
Predateurs 43469512281 / 3 (33%)051%

Avalanches
Player Name POS G A P +/- PIM HIT SHT SB MP PP MP PP SHT PK MP PK SHT FO% FOT
Alex GalchenyukC/LW011-1011015:000:0000:28040% 5
Alex GoligoskiD0111000526:030:4503:0600% 0
Alexander BarabanovLW1122004012:370:0000:0000% 0
Carl SoderbergC/LW1012034015:180:0002:41050% 16
Colin WilsonC/LW/RW000-2011018:251:1400:00050% 2
Derek RyanC/RW0000001013:181:1401:53067% 15
Erik GustafssonD0111020113:050:0001:3600% 0
James NealLW/RW0000021016:001:1400:0000% 0
James van RiemsdykLW0000003017:380:4501:53017% 6
Jeff CarterC/LW0000011123:370:4512:13047% 32
Jeff PetryD0110002226:130:4503:1200% 0
John MooreD000-2230018:431:1400:0000% 0
Mark JankowskiC/LW101000109:050:0000:0000% 0
Nick FolignoC/LW/RW000-1171004:580:0000:00050% 4
Robert HaggD0001740120:481:1400:4300% 0
Ryan DonatoC/LW0112034012:370:0000:0000% 0
T.J. OshieLW/RW000-2001017:580:4500:0000% 0
Zach WhitecloudD000-1000013:590:0000:3100% 0
Predateurs
Player Name POS G A P +/- PIM HIT SHT SB MP PP MP PP SHT PK MP PK SHT FO% FOT
Alexander WennbergC/LW/RW000-2011019:542:2601:05025% 4
Brady SkjeiD00001041017:380:2811:1700% 0
Esa LindellD0331042022:322:5110:5400% 0
Filip ForsbergLW/RW1121034019:262:0810:000100% 2
Frederick GaudreauC/RW0111000011:280:0000:17050% 2
Josh ArchibaldLW/RW000004109:310:0000:5400% 0
Justin SchultzD0000001024:262:4910:4800% 0
Marc-Edouard VlasicD0000220419:481:1500:0000% 0
Mirco MuellerD011-1021017:581:1500:3700% 0
Nathan BeaulieuD1010021117:350:3000:2200% 0
Nick CousinsC/LW/RW000001108:350:0000:00042% 12
Nicklas BackstromC000-2013018:472:2600:00040% 20
Noel AcciariC/LW1011031011:500:0000:37042% 12
Ryan DzingelC/LW/RW0001000011:110:0000:0000% 0
Sebastian AhoC/LW/RW1121009020:312:0801:05064% 25
Stefan NoesenRW000000008:350:0000:0000% 0
Teuvo TeravainenLW/RW0001006019:262:0810:000100% 2
Zach PariseLW/RW000-2012018:472:2610:000100% 1

Avalanches

5 vs 5 Forward
Line #Left WingCenterRight WingPHYDFOFWanted %Time %Time Play
1James van RiemsdykJeff CarterJames Neal0323527%14:32
2Colin WilsonNick FolignoT.J. Oshie0143532%17:11
3Ryan DonatoCarl SoderbergAlexander Barabanov1312024%12:37
4Mark JankowskiDerek RyanAlex Galchenyuk2301017%9:05
5 vs 5 Defense
Line #DefenseDefensePHYDFOFWanted %Time %Time Play
1Jeff PetryAlex Goligoski1133532%17:17
2Robert HaggErik Gustafsson1133539%21:01
3Zach WhitecloudJohn Moore4101520%10:50
4Jeff PetryAlex Goligoski113158%4:17
Power Play Forward
Line #Left WingCenterRight WingPHYDFOFWanted %Time %Time Play
1James van RiemsdykJeff CarterT.J. Oshie0146038%0:45
2Colin WilsonDerek RyanJames Neal0144062%1:14
Power Play Defense
Line #DefenseDefensePHYDFOFWanted %Time %Time Play
1Jeff PetryAlex Goligoski0146038%0:45
2Robert HaggJohn Moore0144062%1:14
Penalty Kill 4 Players Forward
Line #CenterWingPHYDFOFWanted %Time %Time Play
1Jeff CarterCarl Soderberg0415059%2:41
2James van RiemsdykDerek Ryan0415041%1:53
Penalty Kill 4 Players Defense
Line #DefenseDefensePHYDFOFWanted %Time %Time Play
1Jeff PetryAlex Goligoski1405559%2:42
2Erik GustafssonRobert Hagg1404541%1:52
Penalty Kill 3 Players
Line #WingPHYDFOFWanted %Time %Time PlayDefenseDefensePHYDFOFWanted %Time %Time Play
1T.J. Oshie041500%0:00 Jeff PetryAlex Goligoski140500%0:00
2Derek Ryan041500%0:00 Zach WhitecloudRobert Hagg140500%0:00
4 vs 4 Forward
Line #CenterWingPHYDFOFWanted %Time %Time Play
1Jeff CarterT.J. Oshie014550%0:00
2Carl SoderbergJames van Riemsdyk014450%0:00
4 vs 4 Defense
Line #DefensePHYDFOFWanted %Time %Time Play
1Jeff PetryAlex Goligoski023600%0:00
2Robert HaggErik Gustafsson023400%0:00
Last Minutes Offensive
Left WingCenterRight WingDefenseDefense
James van RiemsdykJeff CarterT.J. OshieJeff PetryAlex Goligoski
Last Minutes Defensive
Left WingCenterRight WingDefenseDefense
Carl SoderbergNick FolignoDerek RyanJeff PetryAlex Goligoski
Time
Total ForwardTotal DefenseLast Minutes OffensiveLast Minutes Defensive
60:00 60:00 0:020:00
Extra Forwards
Normal PowerPlayPenalty Kill
T.J. Oshie, Jeff Carter, James van RiemsdykT.J. Oshie, James van RiemsdykJeff Carter
Extra Defensemen
Normal PowerPlayPenalty Kill
Jeff Petry, Alex Goligoski, Robert HaggJeff Petry, Jeff PetryAlex Goligoski
Penalty Shots
T.J. Oshie, Jeff Carter, James van Riemsdyk, Alex Galchenyuk, James Neal
Goalie
Robin Lehner, Jaroslav Halak
Custom OT Lines Forwards
T.J. Oshie, Jeff Carter, James van Riemsdyk, Nick Foligno, Carl Soderberg, James Neal, Colin Wilson, Alexander Barabanov, Derek Ryan, Mark Jankowski
Custom OT Lines Defensemen
Jeff Petry, Alex Goligoski, Zach Whitecloud, John Moore, Robert Hagg
Scratches
Brad Hunt (Healthy), Justin Williams (Healthy), Adin Hill (Healthy)

Predateurs

5 vs 5 Forward
Line #Left WingCenterRight WingPHYDFOFWanted %Time %Time Play
1Teuvo TeravainenSebastian AhoFilip Forsberg0233232%17:18
2Zach PariseNicklas BackstromAlexander Wennberg0233231%16:21
3Frederick GaudreauNoel AcciariRyan Dzingel1222021%11:11
4Josh ArchibaldNick CousinsStefan Noesen1311616%8:35
5 vs 5 Defense
Line #DefenseDefensePHYDFOFWanted %Time %Time Play
1Brady SkjeiEsa Lindell0323635%18:32
2Justin SchultzMarc-Edouard Vlasic0323435%18:34
3Mirco MuellerNathan Beaulieu0323030%16:06
4Brady SkjeiEsa Lindell12200%0:13
Power Play Forward
Line #Left WingCenterRight WingPHYDFOFWanted %Time %Time Play
1Filip ForsbergSebastian AhoTeuvo Teravainen0056047%2:08
2Alexander WennbergNicklas BackstromZach Parise0054053%2:26
Power Play Defense
Line #DefenseDefensePHYDFOFWanted %Time %Time Play
1Justin SchultzBrady Skjei0056089%4:04
2Esa LindellNathan Beaulieu0054011%0:30
Penalty Kill 4 Players Forward
Line #CenterWingPHYDFOFWanted %Time %Time Play
1Noel AcciariSebastian Aho0505055%1:05
2Alexander WennbergJosh Archibald0505045%0:54
Penalty Kill 4 Players Defense
Line #DefenseDefensePHYDFOFWanted %Time %Time Play
1Brady SkjeiEsa Lindell0505041%0:49
2Mirco MuellerMarc-Edouard Vlasic0505059%1:10
Penalty Kill 3 Players
Line #WingPHYDFOFWanted %Time %Time PlayDefenseDefensePHYDFOFWanted %Time %Time Play
1Noel Acciari050500%0:00 Brady SkjeiEsa Lindell050500%0:00
2Alexander Wennberg050500%0:00 Mirco MuellerMarc-Edouard Vlasic050500%0:00
4 vs 4 Forward
Line #CenterWingPHYDFOFWanted %Time %Time Play
1Sebastian AhoTeuvo Teravainen023500%0:00
2Nicklas BackstromFilip Forsberg023500%0:00
4 vs 4 Defense
Line #DefensePHYDFOFWanted %Time %Time Play
1Brady SkjeiEsa Lindell032500%0:00
2Justin SchultzMarc-Edouard Vlasic131500%0:00
Last Minutes Offensive
Left WingCenterRight WingDefenseDefense
Filip ForsbergSebastian AhoTeuvo TeravainenBrady SkjeiJustin Schultz
Last Minutes Defensive
Left WingCenterRight WingDefenseDefense
Josh ArchibaldNoel AcciariAlexander WennbergBrady SkjeiEsa Lindell
Time
Total ForwardTotal DefenseLast Minutes OffensiveLast Minutes Defensive
60:00 60:00 0:000:02
Extra Forwards
Normal PowerPlayPenalty Kill
Noel Acciari, Nicklas Backstrom, Alexander WennbergNoel Acciari, Ryan DzingelAlexander Wennberg
Extra Defensemen
Normal PowerPlayPenalty Kill
Justin Schultz, Nathan Beaulieu, Brady SkjeiJustin Schultz, Nathan BeaulieuEsa Lindell
Penalty Shots
Sebastian Aho, Filip Forsberg, Teuvo Teravainen, Nicklas Backstrom, Zach Parise
Goalie
Pekka Rinne, Antti Raanta
Custom OT Lines Forwards
Sebastian Aho, Filip Forsberg, Teuvo Teravainen, Nicklas Backstrom, Frederick Gaudreau, Noel Acciari, Josh Archibald, Zach Parise, Alexander Wennberg, Ryan Dzingel
Custom OT Lines Defensemen
Brady Skjei, Esa Lindell, Marc-Edouard Vlasic, Justin Schultz, Nathan Beaulieu
Scratches
Nikita Kucherov (Upper Body Injury), Michael Hutchinson (Healthy)


Play-by-Play

1st period


0:01 of 1st period - Sebastian Aho wins face-off versus Jeff Carter in neutral zone.
0:37 of 1st period - Shot by Sebastian Aho.
0:37 of 1st period - Stopped by Robin Lehner with a rebound.
0:41 of 1st period - Shot by Sebastian Aho.
0:41 of 1st period - Stopped by Robin Lehner with a rebound.
0:43 of 1st period - Shot by Esa Lindell.
0:43 of 1st period - Deflect By Teuvo Teravainen.
0:43 of 1st period - Stopped by Robin Lehner without a rebound.
0:44 of 1st period - Nicklas Backstrom wins face-off versus Nick Foligno in Avalanches zone.
1:37 of 1st period - Icing by Erik Gustafsson.
1:38 of 1st period - Nick Foligno wins face-off versus Noel Acciari in Avalanches zone.
2:33 of 1st period - Shot by Ryan Donato.
2:33 of 1st period - Stopped by Pekka Rinne with a rebound.
2:35 of 1st period - Shot by Carl Soderberg.
2:35 of 1st period - Stopped by Pekka Rinne without a rebound.
2:36 of 1st period - Nick Cousins wins face-off versus Derek Ryan in Predateurs zone.
3:35 of 1st period - James Neal is hit by Esa Lindell and loses puck.
3:48 of 1st period - James Neal is hit by Josh Archibald and loses puck.
3:52 of 1st period - Icing by John Moore.
3:53 of 1st period - Jeff Carter wins face-off versus Sebastian Aho in Avalanches zone.
4:12 of 1st period - Shot by Jeff Carter.
4:12 of 1st period - Shot Blocked by Marc-Edouard Vlasic.
4:46 of 1st period - Carl Soderberg is hit by Zach Parise and loses puck.
5:17 of 1st period - Shot by Alexander Wennberg.
5:17 of 1st period - Shot Misses the Net.
5:26 of 1st period - Zach Parise is hit by Ryan Donato and loses puck.
5:46 of 1st period - Off-side.
5:47 of 1st period - Jeff Carter wins face-off versus Noel Acciari in neutral zone.
6:12 of 1st period - Shot by Robert Hagg.
6:12 of 1st period - Shot Blocked by Marc-Edouard Vlasic.
6:20 of 1st period - Shot by James van Riemsdyk.
6:20 of 1st period - Shot Blocked by Marc-Edouard Vlasic.
6:28 of 1st period - Shot by James van Riemsdyk.
6:28 of 1st period - Stopped by Pekka Rinne without a rebound.
6:29 of 1st period - Nick Foligno wins face-off versus Sebastian Aho in Predateurs zone.
7:08 of 1st period - Shot by Sebastian Aho.
7:08 of 1st period - Deflect By Filip Forsberg.
7:08 of 1st period - Shot Misses the Net.
7:10 of 1st period - Shot by Sebastian Aho.
7:10 of 1st period - Goal by Sebastian Aho - Avalanches : 0 - Predateurs : 1.
7:11 of 1st period - Derek Ryan wins face-off versus Nicklas Backstrom in neutral zone.
7:36 of 1st period - Shot by Derek Ryan.
7:36 of 1st period - Stopped by Pekka Rinne without a rebound.
7:37 of 1st period - Nick Cousins wins face-off versus James van Riemsdyk in Predateurs zone.
7:56 of 1st period - Shot by Josh Archibald.
7:56 of 1st period - Shot Blocked by Alex Goligoski.
8:16 of 1st period - Shot by Jeff Carter.
8:16 of 1st period - Shot Misses the Net.
9:34 of 1st period - T.J. Oshie is hit by Esa Lindell and loses puck.
9:44 of 1st period - Erik Gustafsson is hit by Esa Lindell and loses puck.
10:05 of 1st period - Shot by Mirco Mueller.
10:05 of 1st period - Stopped by Robin Lehner without a rebound.
10:06 of 1st period - Noel Acciari wins face-off versus Carl Soderberg in Avalanches zone.
10:07 of 1st period - Shot by Frederick Gaudreau.
10:07 of 1st period - Shot Misses the Net.
10:27 of 1st period - Shot by Ryan Donato.
10:27 of 1st period - Stopped by Pekka Rinne without a rebound.
10:28 of 1st period - Derek Ryan wins face-off versus Sebastian Aho in Predateurs zone.
10:31 of 1st period - Shot by Alex Galchenyuk.
10:31 of 1st period - Stopped by Pekka Rinne without a rebound.
10:32 of 1st period - Sebastian Aho wins face-off versus Derek Ryan in Predateurs zone.
10:49 of 1st period - Shot by Sebastian Aho.
10:49 of 1st period - Shot Misses the Net.
11:44 of 1st period - Icing by Justin Schultz.
11:45 of 1st period - Carl Soderberg wins face-off versus Noel Acciari in Predateurs zone.
12:54 of 1st period - Colin Wilson is hit by Brady Skjei and loses puck.
13:38 of 1st period - Shot by Jeff Carter.
13:38 of 1st period - Shot Misses the Net.
13:40 of 1st period - Shot by Jeff Carter.
13:40 of 1st period - Shot Misses the Net.
13:55 of 1st period - Icing by Zach Parise.
13:56 of 1st period - Derek Ryan wins face-off versus Nicklas Backstrom in Predateurs zone.
13:56 of 1st period - Derek Ryan is hit by Brady Skjei.
14:28 of 1st period - Shot by Mark Jankowski.
14:28 of 1st period - Goal by Mark Jankowski - Avalanches : 1 - Predateurs : 1.
14:29 of 1st period - Nick Cousins wins face-off versus Carl Soderberg in neutral zone.
14:34 of 1st period - Shot by Josh Archibald.
14:34 of 1st period - Shot Misses the Net.
14:42 of 1st period - Justin Schultz is hit by Carl Soderberg and loses puck.
14:54 of 1st period - Marc-Edouard Vlasic is hit by John Moore and loses puck.
15:08 of 1st period - John Moore is hit by Marc-Edouard Vlasic and loses puck.
15:14 of 1st period - Off-side.
15:15 of 1st period - Sebastian Aho wins face-off versus Colin Wilson in neutral zone.
15:26 of 1st period - Shot by Sebastian Aho.
15:26 of 1st period - Stopped by Robin Lehner with a rebound.
15:32 of 1st period - Shot by Filip Forsberg.
15:32 of 1st period - Stopped by Robin Lehner without a rebound.
15:33 of 1st period - Noel Acciari wins face-off versus Jeff Carter in Avalanches zone.
15:33 of 1st period - Nathan Beaulieu is hit by Erik Gustafsson and loses puck.
16:07 of 1st period - Ryan Dzingel is hit by Robert Hagg and loses puck.
16:31 of 1st period - Filip Forsberg is hit by Robert Hagg and loses puck.
16:39 of 1st period - Minor Penalty to Robert Hagg for Hooking.
16:40 of 1st period - Nicklas Backstrom wins face-off versus Alex Galchenyuk in Avalanches zone.
16:49 of 1st period - Shot by Brady Skjei.
16:49 of 1st period - Stopped by Robin Lehner with a rebound.
16:51 of 1st period - Shot by Zach Parise.
16:51 of 1st period - Shot Blocked by Jeff Petry.
17:01 of 1st period - Shot by Zach Parise.
17:01 of 1st period - Shot Misses the Net.
17:05 of 1st period - Shot by Brady Skjei.
17:05 of 1st period - Shot Misses the Net.
17:07 of 1st period - Shot by Justin Schultz.
17:07 of 1st period - Stopped by Robin Lehner without a rebound.
17:08 of 1st period - Sebastian Aho wins face-off versus James van Riemsdyk in Avalanches zone.
17:15 of 1st period - Shot by Filip Forsberg.
17:15 of 1st period - Goal by Filip Forsberg - Avalanches : 1 - Predateurs : 2.
17:16 of 1st period - Teuvo Teravainen wins face-off versus Nick Foligno in neutral zone.
17:16 of 1st period - Sebastian Aho is hit by Nick Foligno and loses puck.
17:23 of 1st period - Shot by Filip Forsberg.
17:23 of 1st period - Shot Misses the Net.
17:25 of 1st period - Shot by Teuvo Teravainen.
17:25 of 1st period - Shot Misses the Net.
17:34 of 1st period - Brady Skjei and Nick Foligno fight to a draw.
17:34 of 1st period - Penalty to Brady Skjei for Fighting.
17:34 of 1st period - Penalty to Nick Foligno for Fighting.
17:34 of 1st period - Penalty to Nick Foligno for instigated a fight.
17:34 of 1st period - Nick Foligno is ejected from game.
17:35 of 1st period - Zach Parise wins face-off versus Jeff Carter in Avalanches zone.
17:36 of 1st period - Shot by Alexander Wennberg.
17:36 of 1st period - Deflect By Zach Parise.
17:36 of 1st period - Shot Misses the Net.
17:43 of 1st period - Icing by Justin Schultz.
17:44 of 1st period - James van Riemsdyk wins face-off versus Nicklas Backstrom in Predateurs zone.
17:54 of 1st period - Icing by Nicklas Backstrom.
17:55 of 1st period - Nicklas Backstrom wins face-off versus James van Riemsdyk in Predateurs zone.
18:00 of 1st period - Alex Goligoski is hit by Nicklas Backstrom and loses puck.
18:11 of 1st period - Shot by Esa Lindell.
18:11 of 1st period - Deflect By Zach Parise.
18:11 of 1st period - Shot Misses the Net.
18:46 of 1st period - Icing by Marc-Edouard Vlasic.
18:47 of 1st period - Sebastian Aho wins face-off versus Jeff Carter in Predateurs zone.
19:40 of 1st period - Shot by Nick Cousins.
19:40 of 1st period - Stopped by Robin Lehner with a rebound.
19:54 of 1st period - Colin Wilson is hit by Josh Archibald and loses puck.
Goals for this period are 1 for Avalanches vs 2 for Predateurs.
Shots for this period are 7 for Avalanches vs 11 for Predateurs.

2nd period


0:01 of 2nd period - Jeff Carter wins face-off versus Sebastian Aho in neutral zone.
0:24 of 2nd period - Shot by Teuvo Teravainen.
0:24 of 2nd period - Shot Misses the Net.
0:35 of 2nd period - Shot by Filip Forsberg.
0:35 of 2nd period - Stopped by Robin Lehner without a rebound.
0:36 of 2nd period - Alexander Wennberg wins face-off versus Carl Soderberg in Avalanches zone.
0:37 of 2nd period - Shot by Nicklas Backstrom.
0:37 of 2nd period - Deflect By Zach Parise.
0:37 of 2nd period - Shot Misses the Net.
1:07 of 2nd period - Shot by Alexander Barabanov.
1:07 of 2nd period - Stopped by Pekka Rinne with a rebound.
1:09 of 2nd period - Shot by Carl Soderberg.
1:09 of 2nd period - Shot Misses the Net.
1:13 of 2nd period - Shot by Alexander Barabanov.
1:13 of 2nd period - Deflect By Carl Soderberg.
1:13 of 2nd period - Stopped by Pekka Rinne without a rebound.
1:14 of 2nd period - Sebastian Aho wins face-off versus Jeff Carter in Predateurs zone.
1:14 of 2nd period - Sebastian Aho is hit by James Neal.
1:24 of 2nd period - Mirco Mueller is hit by Jeff Carter and loses puck.
1:33 of 2nd period - Shot by Teuvo Teravainen.
1:33 of 2nd period - Stopped by Robin Lehner without a rebound.
1:34 of 2nd period - Jeff Carter wins face-off versus Noel Acciari in Avalanches zone.
1:34 of 2nd period - Jeff Carter is hit by Noel Acciari.
3:23 of 2nd period - Nicklas Backstrom is hit by John Moore and loses puck.
3:26 of 2nd period - Shot by Zach Parise.
3:26 of 2nd period - Stopped by Robin Lehner without a rebound.
3:27 of 2nd period - Carl Soderberg wins face-off versus Nick Cousins in Avalanches zone.
3:40 of 2nd period - Shot by Alexander Barabanov.
3:40 of 2nd period - Stopped by Pekka Rinne without a rebound.
3:41 of 2nd period - Derek Ryan wins face-off versus Alexander Wennberg in Predateurs zone.
3:45 of 2nd period - Alex Galchenyuk is hit by Brady Skjei and loses puck.
4:08 of 2nd period - Shot by Nicklas Backstrom.
4:08 of 2nd period - Stopped by Robin Lehner without a rebound.
4:09 of 2nd period - Carl Soderberg wins face-off versus Sebastian Aho in Avalanches zone.
4:16 of 2nd period - Shot by Sebastian Aho.
4:16 of 2nd period - Stopped by Robin Lehner without a rebound.
4:17 of 2nd period - Sebastian Aho wins face-off versus Carl Soderberg in Avalanches zone.
6:09 of 2nd period - Shot by James Neal.
6:09 of 2nd period - Stopped by Pekka Rinne without a rebound.
6:10 of 2nd period - Colin Wilson wins face-off versus Nick Cousins in Predateurs zone.
6:13 of 2nd period - Shot by T.J. Oshie.
6:13 of 2nd period - Shot Misses the Net.
6:40 of 2nd period - Shot by Esa Lindell.
6:40 of 2nd period - Shot Misses the Net.
6:55 of 2nd period - Icing by T.J. Oshie.
6:56 of 2nd period - Sebastian Aho wins face-off versus Jeff Carter in Avalanches zone.
7:13 of 2nd period - Shot by Sebastian Aho.
7:13 of 2nd period - Stopped by Robin Lehner without a rebound.
7:14 of 2nd period - Carl Soderberg wins face-off versus Nicklas Backstrom in Avalanches zone.
7:20 of 2nd period - Off-side.
7:21 of 2nd period - Carl Soderberg wins face-off versus Nicklas Backstrom in neutral zone.
7:35 of 2nd period - Zach Parise is hit by Erik Gustafsson and loses puck.
7:51 of 2nd period - Alexander Wennberg is hit by Robert Hagg and loses puck.
7:54 of 2nd period - Shot by Alexander Wennberg.
7:54 of 2nd period - Stopped by Robin Lehner without a rebound.
7:55 of 2nd period - Sebastian Aho wins face-off versus Derek Ryan in Avalanches zone.
8:15 of 2nd period - Filip Forsberg is hit by John Moore and loses puck.
8:21 of 2nd period - Off-side.
8:22 of 2nd period - Jeff Carter wins face-off versus Noel Acciari in neutral zone.
8:35 of 2nd period - Shot by James van Riemsdyk.
8:35 of 2nd period - Shot Misses the Net.
9:38 of 2nd period - Shot by Colin Wilson.
9:38 of 2nd period - Shot Blocked by Marc-Edouard Vlasic.
9:45 of 2nd period - Minor Penalty to Marc-Edouard Vlasic for Interference.
9:46 of 2nd period - Derek Ryan wins face-off versus Alexander Wennberg in Predateurs zone.
10:08 of 2nd period - Shot by Alexander Wennberg.
10:08 of 2nd period - Deflect By Josh Archibald.
10:08 of 2nd period - Shot Blocked by Robert Hagg.
11:29 of 2nd period - Shot by Jeff Petry.
11:29 of 2nd period - Shot Misses the Net.
11:31 of 2nd period - Shot by Alex Goligoski.
11:31 of 2nd period - Shot Misses the Net.
11:33 of 2nd period - Shot by Jeff Carter.
11:33 of 2nd period - Stopped by Pekka Rinne without a rebound.
11:34 of 2nd period - Frederick Gaudreau wins face-off versus Jeff Carter in Predateurs zone.
12:04 of 2nd period - Shot by Carl Soderberg.
12:04 of 2nd period - Shot Misses the Net.
12:06 of 2nd period - Shot by Carl Soderberg.
12:06 of 2nd period - Stopped by Pekka Rinne with a rebound.
12:08 of 2nd period - Shot by Alexander Barabanov.
12:08 of 2nd period - Shot Misses the Net.
12:10 of 2nd period - Shot by Ryan Donato.
12:10 of 2nd period - Stopped by Pekka Rinne without a rebound.
12:11 of 2nd period - Derek Ryan wins face-off versus Nicklas Backstrom in Predateurs zone.
12:18 of 2nd period - Shot by Mark Jankowski.
12:18 of 2nd period - Shot Misses the Net.
12:26 of 2nd period - Shot by Derek Ryan.
12:26 of 2nd period - Shot Hit the Post.
12:29 of 2nd period - Icing by Brady Skjei.
12:30 of 2nd period - Nicklas Backstrom wins face-off versus Carl Soderberg in Predateurs zone.
12:30 of 2nd period - Nicklas Backstrom is hit by Ryan Donato.
12:44 of 2nd period - Ryan Donato is hit by Brady Skjei and loses puck.
13:25 of 2nd period - Shot by Sebastian Aho.
13:25 of 2nd period - Stopped by Robin Lehner with a rebound.
13:27 of 2nd period - Shot by Teuvo Teravainen.
13:27 of 2nd period - Stopped by Robin Lehner without a rebound.
13:28 of 2nd period - Jeff Carter wins face-off versus Noel Acciari in Avalanches zone.
13:51 of 2nd period - Shot by Jeff Petry.
13:51 of 2nd period - Stopped by Pekka Rinne without a rebound.
13:52 of 2nd period - Sebastian Aho wins face-off versus Jeff Carter in Predateurs zone.
13:59 of 2nd period - Shot by Teuvo Teravainen.
13:59 of 2nd period - Stopped by Robin Lehner without a rebound.
14:00 of 2nd period - Filip Forsberg wins face-off versus Jeff Carter in Avalanches zone.
14:35 of 2nd period - Shot by Sebastian Aho.
14:35 of 2nd period - Stopped by Robin Lehner without a rebound.
14:36 of 2nd period - Carl Soderberg wins face-off versus Nicklas Backstrom in Avalanches zone.
14:58 of 2nd period - Nicklas Backstrom is hit by Robert Hagg and loses puck.
15:07 of 2nd period - Shot by Nicklas Backstrom.
15:07 of 2nd period - Stopped by Robin Lehner with a rebound.
15:08 of 2nd period - Brady Skjei and Robert Hagg fight to a draw.
15:08 of 2nd period - Penalty to Brady Skjei for Fighting.
15:08 of 2nd period - Penalty to Robert Hagg for Fighting.
15:09 of 2nd period - Derek Ryan wins face-off versus Nick Cousins in Avalanches zone.
15:15 of 2nd period - Alex Goligoski is hit by Josh Archibald and loses puck.
15:22 of 2nd period - Jeff Petry is hit by Josh Archibald and loses puck.
15:43 of 2nd period - Shot by Nick Cousins.
15:43 of 2nd period - Shot Blocked by Alex Goligoski.
15:45 of 2nd period - Shot by Nick Cousins.
15:45 of 2nd period - Shot Blocked by Alex Goligoski.
15:51 of 2nd period - Shot by Josh Archibald.
15:51 of 2nd period - Shot Misses the Net.
15:58 of 2nd period - Icing by Alex Goligoski.
15:59 of 2nd period - Sebastian Aho wins face-off versus Derek Ryan in Avalanches zone.
16:06 of 2nd period - Shot by Sebastian Aho.
16:06 of 2nd period - Shot Hit the Post.
16:12 of 2nd period - Shot by Sebastian Aho.
16:12 of 2nd period - Stopped by Robin Lehner with a rebound.
16:14 of 2nd period - Shot by Sebastian Aho.
16:14 of 2nd period - Shot Misses the Net.
16:16 of 2nd period - Shot by Esa Lindell.
16:16 of 2nd period - Shot Misses the Net.
16:24 of 2nd period - Shot by Filip Forsberg.
16:24 of 2nd period - Stopped by Robin Lehner with a rebound.
16:30 of 2nd period - Shot by Sebastian Aho.
16:30 of 2nd period - Shot Misses the Net.
16:32 of 2nd period - Shot by Nathan Beaulieu.
16:32 of 2nd period - Goal by Nathan Beaulieu - Avalanches : 1 - Predateurs : 3.
16:33 of 2nd period - Jeff Carter wins face-off versus Alexander Wennberg in neutral zone.
16:55 of 2nd period - Icing by Justin Schultz.
16:56 of 2nd period - Nicklas Backstrom wins face-off versus Jeff Carter in Predateurs zone.
17:04 of 2nd period - Shot by T.J. Oshie.
17:04 of 2nd period - Stopped by Pekka Rinne without a rebound.
17:05 of 2nd period - Sebastian Aho wins face-off versus Jeff Carter in Predateurs zone.
17:05 of 2nd period - Sebastian Aho is hit by Colin Wilson.
17:10 of 2nd period - Minor Penalty to John Moore for Roughing.
17:11 of 2nd period - Jeff Carter wins face-off versus Sebastian Aho in Avalanches zone.
17:32 of 2nd period - Shot by Esa Lindell.
17:32 of 2nd period - Stopped by Robin Lehner without a rebound.
17:33 of 2nd period - Nicklas Backstrom wins face-off versus James van Riemsdyk in Avalanches zone.
17:34 of 2nd period - Shot by Alexander Wennberg.
17:34 of 2nd period - Shot Blocked by Alex Goligoski.
17:46 of 2nd period - Shot by Esa Lindell.
17:46 of 2nd period - Shot Blocked by Erik Gustafsson.
17:48 of 2nd period - Shot by Zach Parise.
17:48 of 2nd period - Stopped by Robin Lehner without a rebound.
17:49 of 2nd period - Filip Forsberg wins face-off versus Jeff Carter in Avalanches zone.
17:56 of 2nd period - Shot by Teuvo Teravainen.
17:56 of 2nd period - Shot Blocked by Jeff Petry.
17:58 of 2nd period - Shot by Esa Lindell.
17:58 of 2nd period - Shot Hit the Post.
18:00 of 2nd period - Shot by Sebastian Aho.
18:00 of 2nd period - Shot Misses the Net.
18:26 of 2nd period - Shot by Teuvo Teravainen.
18:26 of 2nd period - Stopped by Robin Lehner with a rebound.
18:28 of 2nd period - Shot by Esa Lindell.
18:28 of 2nd period - Shot Misses the Net.
18:52 of 2nd period - Erik Gustafsson is hit by Mirco Mueller and loses puck.
18:53 of 2nd period - Erik Gustafsson from Avalanches is injured at 18:53 of 2nd period (Sprained Right Knee).
18:54 of 2nd period - Nicklas Backstrom wins face-off versus James van Riemsdyk in Predateurs zone.
19:47 of 2nd period - Shot by Frederick Gaudreau.
19:47 of 2nd period - Shot Misses the Net.
19:49 of 2nd period - Shot by Noel Acciari.
19:49 of 2nd period - Goal by Noel Acciari - Avalanches : 1 - Predateurs : 4.
19:50 of 2nd period - Jeff Carter wins face-off versus Sebastian Aho in neutral zone.
19:50 of 2nd period - Jeff Petry is hit by Filip Forsberg and loses puck.
Goals for this period are 0 for Avalanches vs 2 for Predateurs.
Shots for this period are 9 for Avalanches vs 19 for Predateurs.

3rd period


0:01 of 3rd period - Jeff Carter wins face-off versus Nicklas Backstrom in neutral zone.
1:08 of 3rd period - Shot by T.J. Oshie.
1:08 of 3rd period - Shot Misses the Net.
1:14 of 3rd period - Shot by Colin Wilson.
1:14 of 3rd period - Stopped by Pekka Rinne without a rebound.
1:15 of 3rd period - Noel Acciari wins face-off versus Carl Soderberg in Predateurs zone.
1:15 of 3rd period - Nathan Beaulieu is hit by Carl Soderberg and loses puck.
1:26 of 3rd period - Shot by Carl Soderberg.
1:26 of 3rd period - Shot Blocked by Nathan Beaulieu.
1:28 of 3rd period - Shot by Alexander Barabanov.
1:28 of 3rd period - Stopped by Pekka Rinne without a rebound.
1:29 of 3rd period - Sebastian Aho wins face-off versus Derek Ryan in Predateurs zone.
2:00 of 3rd period - Icing by Alex Galchenyuk.
2:01 of 3rd period - Derek Ryan wins face-off versus Nick Cousins in Avalanches zone.
2:23 of 3rd period - Josh Archibald is hit by Alex Galchenyuk and loses puck.
2:38 of 3rd period - Shot by Josh Archibald.
2:38 of 3rd period - Stopped by Robin Lehner with a rebound.
3:01 of 3rd period - Shot by James van Riemsdyk.
3:01 of 3rd period - Shot Misses the Net.
3:07 of 3rd period - Shot by James van Riemsdyk.
3:07 of 3rd period - Stopped by Pekka Rinne without a rebound.
3:08 of 3rd period - Sebastian Aho wins face-off versus Alex Galchenyuk in Predateurs zone.
3:31 of 3rd period - Shot by Sebastian Aho.
3:31 of 3rd period - Shot Misses the Net.
4:04 of 3rd period - Icing by Colin Wilson.
4:05 of 3rd period - Alex Galchenyuk wins face-off versus Nicklas Backstrom in Avalanches zone.
4:05 of 3rd period - Alex Galchenyuk is hit by Alexander Wennberg.
4:19 of 3rd period - Icing by Nathan Beaulieu.
4:20 of 3rd period - Nicklas Backstrom wins face-off versus Jeff Carter in Predateurs zone.
5:20 of 3rd period - James Neal is hit by Noel Acciari and loses puck.
5:41 of 3rd period - Shot by Ryan Dzingel.
5:41 of 3rd period - Shot Blocked by Alex Goligoski.
6:01 of 3rd period - Robert Hagg is hit by Noel Acciari and loses puck.
8:02 of 3rd period - Shot by Carl Soderberg.
8:02 of 3rd period - Goal by Carl Soderberg - Avalanches : 2 - Predateurs : 4.
8:03 of 3rd period - Derek Ryan wins face-off versus Nick Cousins in neutral zone.
8:03 of 3rd period - Jeff Petry is hit by Nick Cousins and loses puck.
8:16 of 3rd period - Shot by Esa Lindell.
8:16 of 3rd period - Stopped by Robin Lehner without a rebound.
8:17 of 3rd period - Jeff Carter wins face-off versus Sebastian Aho in Avalanches zone.
8:17 of 3rd period - Jeff Carter is hit by Filip Forsberg.
8:23 of 3rd period - Shot by James van Riemsdyk.
8:23 of 3rd period - Stopped by Pekka Rinne without a rebound.
8:24 of 3rd period - Jeff Carter wins face-off versus Nick Cousins in Predateurs zone.
8:28 of 3rd period - Icing by Mirco Mueller.
8:29 of 3rd period - Nick Cousins wins face-off versus Jeff Carter in Predateurs zone.
9:13 of 3rd period - Off-side.
9:14 of 3rd period - Sebastian Aho wins face-off versus Alex Galchenyuk in neutral zone.
10:30 of 3rd period - Shot by Ryan Donato.
10:30 of 3rd period - Stopped by Pekka Rinne without a rebound.
10:31 of 3rd period - Jeff Carter wins face-off versus Frederick Gaudreau in Predateurs zone.
12:45 of 3rd period - Shot by Teuvo Teravainen.
12:45 of 3rd period - Stopped by Robin Lehner without a rebound.
12:46 of 3rd period - Nick Cousins wins face-off versus Carl Soderberg in Avalanches zone.
13:08 of 3rd period - Icing by Justin Schultz.
13:09 of 3rd period - Derek Ryan wins face-off versus Nick Cousins in Predateurs zone.
13:09 of 3rd period - Derek Ryan is hit by Marc-Edouard Vlasic.
13:54 of 3rd period - Shot by Sebastian Aho.
13:54 of 3rd period - Shot Misses the Net.
14:17 of 3rd period - Off-side.
14:18 of 3rd period - Carl Soderberg wins face-off versus Nicklas Backstrom in neutral zone.
14:21 of 3rd period - Nathan Beaulieu is hit by Carl Soderberg and loses puck.
14:33 of 3rd period - Icing by Carl Soderberg.
14:34 of 3rd period - Carl Soderberg wins face-off versus Noel Acciari in Avalanches zone.
14:41 of 3rd period - Marc-Edouard Vlasic is hit by Ryan Donato and loses puck.
14:48 of 3rd period - Shot by Carl Soderberg.
14:48 of 3rd period - Shot Misses the Net.
14:50 of 3rd period - Shot by Jeff Petry.
14:50 of 3rd period - Stopped by Pekka Rinne without a rebound.
14:51 of 3rd period - Jeff Carter wins face-off versus Nicklas Backstrom in Predateurs zone.
14:51 of 3rd period - Jeff Carter is hit by Esa Lindell.
15:08 of 3rd period - Shot by Alexander Wennberg.
15:08 of 3rd period - Shot Blocked by Jeff Carter.
15:57 of 3rd period - Alex Goligoski is hit by Filip Forsberg and loses puck.
16:43 of 3rd period - Carl Soderberg is hit by Mirco Mueller and loses puck.
16:59 of 3rd period - Ryan Donato is hit by Nathan Beaulieu and loses puck.
17:11 of 3rd period - Ryan Donato is hit by Nathan Beaulieu and loses puck.
17:19 of 3rd period - Icing by Mirco Mueller.
17:20 of 3rd period - Noel Acciari wins face-off versus Jeff Carter in Predateurs zone.
17:20 of 3rd period - Noel Acciari is hit by James Neal.
17:27 of 3rd period - Off-side.
17:28 of 3rd period - Jeff Carter wins face-off versus Nicklas Backstrom in neutral zone.
17:43 of 3rd period - Shot by Nicklas Backstrom.
17:43 of 3rd period - Stopped by Robin Lehner with a rebound.
18:20 of 3rd period - Off-side.
18:21 of 3rd period - Alex Galchenyuk wins face-off versus Sebastian Aho in neutral zone.
18:31 of 3rd period - Icing by Teuvo Teravainen.
18:32 of 3rd period - Teuvo Teravainen wins face-off versus Carl Soderberg in Predateurs zone.
18:52 of 3rd period - Icing by Sebastian Aho.
18:53 of 3rd period - Sebastian Aho wins face-off versus Jeff Carter in Predateurs zone.
19:57 of 3rd period - Shot by Alexander Barabanov.
19:57 of 3rd period - Goal by Alexander Barabanov - Avalanches : 3 - Predateurs : 4.
19:58 of 3rd period - Noel Acciari wins face-off versus Jeff Carter in neutral zone.
Goals for this period are 2 for Avalanches vs 0 for Predateurs.
Shots for this period are 8 for Avalanches vs 4 for Predateurs.